[Event "*** Titled Tuesday Blitz"]
[Site "Chess.com"]
[Date "2021.02.09"]
[Round "2"]
[White "Synctel"]
[Black "NovikovaGalina"]
[Result "0-1"]
[WhiteElo "2000"]
[BlackElo "2368"]
[TimeControl "180+1"]
[EndTime "10:15:17 PST"]
[Termination "NovikovaGalina won by resignation"]

1. e4 e6 2. d4 d5 3. Nd2 a6 4. Ngf3 c5 5. c3 Nf6 6. e5 Nfd7 7. Bd3 Nc6 8. O-O Qb6 9. dxc5 Bxc5 10. Qe2 Qc7 11.
Nb3 Be7 12. Bf4 h6 13. Rfe1 g5 14. Bg3 h5 15. h3 g4 16. hxg4 hxg4 17. Nfd4 Nb6 18.
Qxg4 Bd7 19. f4 O-O-O 20. Kf2 Rdg8 21. Qf3 Rxg3 22. Qxg3 Bh4 23. Qxh4 Rxh4 24. Rh1 Rxf4+ 0-1

[Event "*** Titled Tuesday Blitz"]
[Site "Chess.com"]
[Date "2021.02.09"]
[Round "2"]
[White "Flopezin"]
[Black "Grandmaster1369"]
[Result "0-1"]
[WhiteElo "2402"]
[BlackElo "2204"]
[TimeControl "180+1"]
[EndTime "10:15:27 PST"]
[Termination "Grandmaster1369 won by resignation"]

1. c4 e5 2. Nc3 Nf6 3. Nf3 Nc6 4.
e4 Bb4 5. d3 O-O 6. Be2 d6 7.
O-O Bxc3 8. bxc3 Nd7 9. Ne1 Nb6 10. f4 f5 11. Bf3 fxe4 12. Bxe4 Bf5 13. Qe2 Qd7 14. Nc2 Na4 15. Bd2 Nc5 16. Bxc6 Qxc6 17. fxe5 Bxd3 18. Rxf8+ Rxf8 19. Qd1 Ne4 20. Nd4 Qxc4 21.
Nf3 Qc5+ 0-1

[Event "*** Titled Tuesday Blitz"]
[Site "Chess.com"]
[Date "2021.02.09"]
[Round "2"]
[White "IngOscarArdila"]
[Black "PowerThinking2650"]
[Result "0-1"]
[WhiteElo "2149"]
[BlackElo "2405"]
[TimeControl "180+1"]
[EndTime "10:15:29 PST"]
[Termination "PowerThinking2650 won by resignation"]

1. d4 Nf6 2. c4 g6 3. Nc3 Bg7 4. e4 d6 5. Nf3 O-O 6. Be2 e5 7. O-O Nc6 8. d5 Ne7 9. Bg5 h6 10. Bxf6 Bxf6 11. b4 Bg7 12. c5 f5 13. Qc2 fxe4 14.
Nxe4 Bg4 15. h3 Bxf3 16. Bxf3 Rxf3 17. gxf3 Qd7 18. Kg2 Nf5 19. Nd2 Rf8 20. Qe4 g5 21. c6 bxc6 22. dxc6 Qe6 23. Qc4 d5 24. Qg4 Qg6 25.
Rfe1 h5 0-1

[Event "*** Titled Tuesday Blitz"]
[Site "Chess.com"]
[Date "2021.02.09"]
[Round "2"]
[White "KuzubovYuriy"]
[Black "Kretov_Evgenij"]
[Result "1-0"]
[WhiteElo "2822"]
[BlackElo "2507"]
[TimeControl "180+1"]
[EndTime "10:15:30 PST"]
[Termination "KuzubovYuriy won by resignation"]

1. d4 Nf6 2. Nf3 e6 3. c4 b6 4. g3 Ba6 5. Qc2 Bb4+ 6. Bd2 Be7 7. e4 d5 8. cxd5 Bxf1 9. Kxf1 exd5 10. e5 Ne4 11.
Nc3 Nxc3 12. bxc3 c5 13. dxc5 bxc5 14. Kg2 Nd7 15. h4 Nb6 16. Rae1 O-O 17. Ng5 g6 18. e6 f5 19. Nf7 Qc7 20. h5 Bf6 21. hxg6 hxg6 22. Nh6+ Kg7 23. Nxf5+ gxf5 24. Qxf5 Rh8 25. Qg4+ Kf8 26. Rxh8+ Bxh8 27. e7+ Ke8 28. Qg6+ Kd7 29. e8=Q+ 1-0

[Event "*** Titled Tuesday Blitz"]
[Site "Chess.com"]
[Date "2021.02.09"]
[Round "2"]
[White "jorquerino"]
[Black "johnathan113"]
[Result "0-1"]
[WhiteElo "2276"]
[BlackElo "2615"]
[TimeControl "180+1"]
[EndTime "10:15:31 PST"]
[Termination "johnathan113 won by resignation"]

1. e4 c6 2. d4 d5 3. exd5 cxd5 4. Bd3 g6 5. h3 Nc6 6. c3 Bg7 7. Nf3 Nh6 8. O-O Bf5 9. Re1 Bxd3 10. Qxd3 Nf5 11.
Bf4 Qb6 12. Qd2 O-O 13. g4 Nd6 14. Qc1 Rac8 15. Nbd2 Nxd4 16. Nxd4 Bxd4 17. Bg3 f5 18. Nf3 Bc5 19. Nd4 Ne4 20. Qd1 f4 21. Bh4 e5 0-1

[Event "*** Titled Tuesday Blitz"]
[Site "Chess.com"]
[Date "2021.02.09"]
[Round "2"]
[White "MIJuanReyesRosa"]
[Black "TeukkaSalama"]
[Result "0-1"]
[WhiteElo "2101"]
[BlackElo "2394"]
[TimeControl "180+1"]
[EndTime "10:15:33 PST"]
[Termination "TeukkaSalama won on time"]

1. d4 d6 2. e4 Nf6 3. Nc3 e5 4. Nge2 exd4 5. Nxd4 Be7 6. g3 O-O 7. Bg2 Re8 8. O-O Bf8 9. h3 Nbd7 10. Be3 c6 11. f4 Nc5 12. e5 dxe5 13. fxe5 Nfd7 14. Nb3 Nxb3 15. axb3 Nxe5 16. Bxa7 Rxa7 17. Rxa7 Qb6+ 18.
Qd4 Qxd4+ 0-1

[Event "*** Titled Tuesday Blitz"]
[Site "Chess.com"]
[Date "2021.02.09"]
[Round "2"]
[White "Ajedrez_con_German"]
[Black "ChessAdvanceUSA"]
[Result "1/2-1/2"]
[WhiteElo "2607"]
[BlackElo "2289"]
[TimeControl "180+1"]
[EndTime "10:15:34 PST"]
[Termination "Game drawn by agreement"]

1. c4 Nf6 2. g3 g6 3. Bg2 Bg7 4. Nc3 O-O 5. e4 d6 6. Nge2 c5 7. O-O Nc6 8. d3 Rb8 9. h3 a6 10. f4 Nd7 11. a4 Nd4 12. Nxd4 cxd4 13. Ne2 a5 14. g4 Nc5 15. Qc2 e6 16. f5 Be5 17.
Bf4 Bxf4 18. Nxf4 Qg5 19. Rf2 b6 20. Raf1 Bb7 21. Ne2 e5 22. Ng3 Qe3 1/2-1/2

[Event "*** Titled Tuesday Blitz"]
[Site "Chess.com"]
[Date "2021.02.09"]
[Round "2"]
[White "Artem_Sadovsky"]
[Black "AJSC02"]
[Result "1-0"]
[WhiteElo "2539"]
[BlackElo "2241"]
[TimeControl "180+1"]
[EndTime "10:15:37 PST"]
[Termination "Artem_Sadovsky won by resignation"]

1. Nf3 c5 2. b3 Nc6 3. Bb2 d6 4. e3 e5 5. d4 Qc7 6. d5 Nce7 7. Bb5+ Bd7 8. Bxd7+ Qxd7 9. e4 g6 10. a4 b6 11. Nbd2 a6 12. Nc4 Rb8 13. Nfxe5 dxe5 14. Bxe5 Nc8 15. Bxb8 b5 16. axb5 axb5 17. Ne5 Qb7 18.
Nc6 Bg7 19. O-O Bxa1 20. Qxa1 f6 21. e5 Nge7 22. exf6 Nxc6 23. dxc6 Qxb8 24. f7+ Kxf7 25. Qxh8 Ne7 26. Qxb8 1-0

[Event "*** Titled Tuesday Blitz"]
[Site "Chess.com"]
[Date "2021.02.09"]
[Round "2"]
[White "francyIM"]
[Black "BJthechessgod"]
[Result "1-0"]
[WhiteElo "2553"]
[BlackElo "2297"]
[TimeControl "180+1"]
[EndTime "10:15:43 PST"]
[Termination "francyIM won by checkmate"]

1. d4 Nf6 2. c4 e6 3. Nc3 Bb4 4. e3 O-O 5. Bd2 c5 6. a3 cxd4 7. axb4 dxc3 8. Bxc3 d5 9. Nf3 Nbd7 10. c5 Qc7 11.
Bd3 h6 12. Bc2 b6 13. cxb6 Nxb6 14. Bxf6 gxf6 15. O-O f5 16. Nd4 Nc4 17. b3 Ne5 18. Qh5 Kg7 19. f4 Ng6 20. Rf3 a5 21. b5 Bd7 22. Raf1 Rh8 23. h3 Qd8 24. g4 fxg4 25. hxg4 Rc8 26. f5 Ne5 27. fxe6 Nxf3+ 28. Rxf3 Be8 29.
Rxf7+ Kg8 30. Qg6# 1-0

[Event "*** Titled Tuesday Blitz"]
[Site "Chess.com"]
[Date "2021.02.09"]
[Round "2"]
[White "Manukyan_Artak"]
[Black "C_K_G"]
[Result "1-0"]
[WhiteElo "2388"]
[BlackElo "2088"]
[TimeControl "180+1"]
[EndTime "10:15:43 PST"]
[Termination "Manukyan_Artak won by resignation"]

1. e4 c5 2. Nf3 d6 3. Bb5+ Nc6 4. O-O e5 5. c3 Nf6 6. d4 cxd4 7.
cxd4 exd4 8. Nxd4 Bd7 9. Nc3 Be7 10. Nf5 Bxf5 11. exf5 O-O 12. Bg5 a6 13. Bd3 b5 14.
Re1 Rc8 15. a3 Ne5 16. Bf1 h6 17. Bh4 Nfd7 18. Bxe7 Qxe7 19. f4 Qh4 20. fxe5 Nxe5 21. Qxd6 Ng4 22. Qg3 Qh5 23. Be2 Rc4 24. Bxc4 bxc4 25.
Nd5 Rd8 26. Rad1 Kh7 27. h3 Nf6 28. Nxf6+ gxf6 29. Rxd8 1-0

[Event "*** Titled Tuesday Blitz"]
[Site "Chess.com"]
[Date "2021.02.09"]
[Round "2"]
[White "Hangar-18"]
[Black "Margency"]
[Result "0-1"]
[WhiteElo "2391"]
[BlackElo "2656"]
[TimeControl "180+1"]
[EndTime "10:15:45 PST"]
[Termination "Margency won by resignation"]

1. b3 g6 2. Bb2 Nf6 3. Bxf6 exf6 4. c4 f5 5. Nc3 d6 6. Rc1 Nd7 7. g3 h5 8. h4 Bh6 9. Bg2 f4 10. Nf3 fxg3 11. fxg3 O-O 12. O-O Ne5 13. Ne4 Ng4 14. Nf2 c6 15. Nxg4 Bxg4 16. Nh2 Be6 17. e3 Qe7 18.
Qf3 Rae8 19. Rce1 f5 20. Qf2 Rd8 21. Nf3 d5 22. cxd5 Bxd5 23. Nd4 Rfe8 24. Bxd5+ Rxd5 25. Re2 Rxd4 0-1

[Event "*** Titled Tuesday Blitz"]
[Site "Chess.com"]
[Date "2021.02.09"]
[Round "2"]
[White "Gerasimenyuk_Miha"]
[Black "ElCoachRene"]
[Result "1-0"]
[WhiteElo "2430"]
[BlackElo "2196"]
[TimeControl "180+1"]
[EndTime "10:15:50 PST"]
[Termination "Gerasimenyuk_Miha won by resignation"]

1. e4 Nc6 2. f4 d5 3. exd5 Qxd5 4. Nc3 Qa5 5. Nf3 Bg4 6. Bb5 O-O-O 7. O-O Nf6 8. Bxc6 Qb6+ 9. d4 Qxc6 10. Ne5 Bxd1 11. Nxc6 bxc6 12. Rxd1 e6 13. Be3 Ng4 14. Bf2 Nxf2 15. Kxf2 c5 16. d5 exd5 17. Rxd5 Rxd5 18. Nxd5 c6 19. Ne3 Be7 20. Nc4 Rd8 21. c3 Bh4+ 22. g3 Bf6 23. Ke3 Re8+ 24. Kf3 Rd8 25. Re1 Kc7 26. Re2 Rd3+ 27. Kg2 Rd1 28. Rd2 Ra1 29.
a3 g6 30. g4 h6 31. Kg3 Rg1+ 32. Rg2 Bh4+ 33. Kh3 Rxg2 34. Kxg2 Be7 35. Ne5 Bd6 36. Kf3 Bxe5 37. fxe5 c4 38. Ke4 c5 39. Kd5 Kb6 40.
h4 a6 41. h5 g5 42. a4 a5 43.
Kd6 Ka6 44. Kxc5 1-0

[Event "*** Titled Tuesday Blitz"]
[Site "Chess.com"]
[Date "2021.02.09"]
[Round "2"]
[White "NaciSAN"]
[Black "KruHor"]
[Result "0-1"]
[WhiteElo "2313"]
[BlackElo "2588"]
[TimeControl "180+1"]
[EndTime "10:15:53 PST"]
[Termination "KruHor won by resignation"]

1. e4 c5 2. Nf3 e6 3. g3 d5 4. exd5 exd5 5. d4 Nf6 6. Bg2 Be7 7. O-O O-O 8. h3 Nc6 9. Nc3 cxd4 10. Nxd4 h6 11.
Nxc6 bxc6 12. Be3 Be6 13. Na4 Qc8 14. Kh2 c5 15. c4 Rd8 16. cxd5 Nxd5 17. Qc1 Nxe3 18.
Qxe3 Rb8 19. Rac1 Bg5 20. f4 Bf6 21. Rxc5 Qa6 22. Qe4 Rd4 23. Qc2 Rxa4 24. b3 Rxa2 0-1

[Event "*** Titled Tuesday Blitz"]
[Site "Chess.com"]
[Date "2021.02.09"]
[Round "2"]
[White "Mikhail_Golubev"]
[Black "LiamVrolijk"]
[Result "0-1"]
[WhiteElo "2530"]
[BlackElo "2878"]
[TimeControl "180+1"]
[EndTime "10:16:01 PST"]
[Termination "LiamVrolijk won on time"]

1. e4 e5 2. Nf3 Nc6 3. Bb5 a6 4. Ba4 Nf6 5. O-O b5 6. Bb3 Bc5 7. c3 d6 8. d4 Bb6 9. a4 Rb8 10. a5 Ba7 11. h3 Bb7 12. Re1 O-O 13. Be3 exd4 14. cxd4 Nb4 15. Nc3 Bxe4 16. Nxe4 Nxe4 17. d5 Bxe3 18. Rxe3 Nf6 19. Rc1 Rc8 20. Qd4 c5 21. dxc6 Nxc6 22. Qb6 Nxa5 23. Rxc8 Qxb6 0-1

[Event "*** Titled Tuesday Blitz"]
[Site "Chess.com"]
[Date "2021.02.09"]
[Round "2"]
[White "Firouzja2003"]
[Black "Iskusnyh"]
[Result "1-0"]
[WhiteElo "3024"]
[BlackElo "2582"]
[TimeControl "180+1"]
[EndTime "10:16:02 PST"]
[Termination "Firouzja2003 won on time"]

1. d4 d5 2. Nd2 Nf6 3. c4 c6 4. Ngf3 Bf5 5. Nh4 Be6 6. e3 g6 7. Be2 Bg7 8. O-O O-O 9. Nhf3 c5 10. cxd5 Bxd5 11. dxc5 Na6 12. Nb3 Bxb3 13. Qxb3 Nxc5 14. Qa3 Qb6 15. Bd2 Nfe4 16. b4 Ne6 17. Rac1 Rfd8 18.
Rfd1 Nxd2 19. Nxd2 a5 20. b5 Qd6 21. Qxd6 Rxd6 22. Nc4 Rxd1+ 23. Rxd1 Nc5 24. Rd5 Na4 25. Rd7 Nc5 26. Rc7 Ne4 27. Bf3 Nc3 28. b6 Nxa2 29.
Rxb7 Rc8 30. Rc7 Rd8 31. b7 1-0

[Event "*** Titled Tuesday Blitz"]
[Site "Chess.com"]
[Date "2021.02.09"]
[Round "2"]
[White "swisspower96"]
[Black "pavelalexandru07"]
[Result "1-0"]
[WhiteElo "2665"]
[BlackElo "2324"]
[TimeControl "180+1"]
[EndTime "10:16:02 PST"]
[Termination "swisspower96 won by resignation"]

1. d4 Nf6 2. c4 c5 3. d5 e6 4. Nc3 exd5 5. cxd5 d6 6. Nf3 g6 7. Bf4 Bg7 8. Qa4+ Bd7 9. Qb3 b5 10. Bxd6 Qb6 11. Be5 O-O 12. e3 c4 13. Qd1 b4 14.
Ne2 Rc8 15. Nf4 a5 16. Be2 Na6 17. O-O Bb5 18. Rc1 Nd7 19. Bxg7 Kxg7 20. Qd4+ Qxd4 21.
Nxd4 Rab8 22. Nxb5 Rxb5 23. Bxc4 Rb6 24. Bxa6 Rxc1 25.
Rxc1 Rxa6 26. Nd3 Rd6 27. e4 Nf6 28. e5 1-0

[Event "*** Titled Tuesday Blitz"]
[Site "Chess.com"]
[Date "2021.02.09"]
[Round "2"]
[White "PrinceMurad09"]
[Black "kuban1991"]
[Result "0-1"]
[WhiteElo "2544"]
[BlackElo "2896"]
[TimeControl "180+1"]
[EndTime "10:16:03 PST"]
[Termination "kuban1991 won by resignation"]

1. e4 e6 2. d4 d5 3. Nd2 c5 4. exd5 exd5 5. Ngf3 Nc6 6. dxc5 Bxc5 7. Nb3 Bb6 8. Bd3 Nf6 9. h3 O-O 10. O-O Be6 11. Bg5 h6 12. Bh4 g5 13. Bg3 Ne4 14.
Bh2 f5 15. c3 Qf6 16. Nfd4 Nxd4 17. Nxd4 Bxd4 18. cxd4 Qxd4 19. Bxe4 Qxd1 20. Rfxd1 dxe4 21. Be5 Kf7 22. a3 Rfd8 23. Rxd8 Rxd8 24. Rc1 Bd5 25. Rc7+ Ke6 26. Bg7 Bc6 27. Bxh6 Rd1+ 28. Kh2 e3 29. fxe3 Rd2 30. Kh1 Bxg2+ 31. Kg1 Be4 32. Bxg5 Rg2+ 0-1

[Event "*** Titled Tuesday Blitz"]
[Site "Chess.com"]
[Date "2021.02.09"]
[Round "2"]
[White "ZivkovicN"]
[Black "olksuna"]
[Result "0-1"]
[WhiteElo "2471"]
[BlackElo "2701"]
[TimeControl "180+1"]
[EndTime "10:16:06 PST"]
[Termination "olksuna won by resignation"]

1. e4 c5 2. Nf3 e6 3. c3 Nf6 4. d3 d5 5. Nbd2 Nc6 6. Be2 Be7 7. a3 O-O 8. O-O b6 9. e5 Nd7 10. d4 a5 11. Re1 Ba6 12. Nf1 Bxe2 13. Qxe2 a4 14.
g3 Na5 15. Bf4 Nb3 16. Rad1 Qc8 17. h4 Qa6 18. Qe3 cxd4 19. cxd4 Rfc8 20. Bg5 Bf8 21.
Re2 Rc6 22. N1h2 Rac8 23. Ng4 Rc2 24. Rde1 Rxe2 25. Rxe2 h5 26. Bf6 hxg4 27. Nh2 Qc4 0-1

[Event "*** Titled Tuesday Blitz"]
[Site "Chess.com"]
[Date "2021.02.09"]
[Round "2"]
[White "eduardoperalta"]
[Black "Nikolaj_6"]
[Result "1-0"]
[WhiteElo "2392"]
[BlackElo "2639"]
[TimeControl "180+1"]
[EndTime "10:16:06 PST"]
[Termination "eduardoperalta won by resignation"]

1. d4 Nf6 2. c4 c5 3. d5 e6 4.
Nc3 exd5 5. cxd5 d6 6. e4 g6 7.
f3 Bg7 8. Bg5 h6 9. Be3 O-O 10.
Qd2 Kh7 11. Nge2 Na6 12. Ng3 Nc7 13. a4 a6 14. Be2 Rb8 15. a5 Bd7 16. O-O Nb5 17. Kh1 Re8 18. Bd3 Qc7 19. f4 Nd4 20. Ra3 Ng4 21. Bg1 c4 22. Bb1 Nb3 23. Qd1 Nxa5 24. e5 dxe5 25. f5 Nf6 26. d6 Qd8 27. fxg6+ fxg6 28. Qc2 e4 29. Ncxe4 Nxe4 30. Nxe4 Bf5 31.
Rxf5 gxf5 32. Ng3 Re5 33. Nxf5 Qh8 34. Ne7+ 1-0

[Event "*** Titled Tuesday Blitz"]
[Site "Chess.com"]
[Date "2021.02.09"]
[Round "2"]
[White "alexg2003"]
[Black "ailime26"]
[Result "1-0"]
[WhiteElo "2390"]
[BlackElo "2090"]
[TimeControl "180+1"]
[EndTime "10:16:07 PST"]
[Termination "alexg2003 won by resignation"]

1. e4 c5 2. Nf3 Nc6 3. d4 cxd4 4. Nxd4 Nf6 5. Nc3 e5 6. Ndb5 d6 7. Bg5 a6 8. Na3 b5 9. Bxf6 gxf6 10. Nd5 f5 11. g3 fxe4 12. Bg2 Bg7 13. Bxe4 O-O 14.
Ne3 f5 15. Bxc6 Ra7 16. Qd5+ Kh8 17. O-O-O Rf6 18. f4 e4 19. g4 Re7 20. g5 Rg6 21.
Nxf5 Bxf5 22. Qxf5 e3 23. Rhe1 Rge6 24. Bd5 Rg6 25. Bf7 Qa5 26. Qc8+ 1-0

[Event "*** Titled Tuesday Blitz"]
[Site "Chess.com"]
[Date "2021.02.09"]
[Round "2"]
[White "DanielDardha2005"]
[Black "Ave_Mariia"]
[Result "1-0"]
[WhiteElo "2718"]
[BlackElo "2478"]
[TimeControl "180+1"]
[EndTime "10:16:10 PST"]
[Termination "DanielDardha2005 won by resignation"]

1. b3 Nf6 2. Bb2 e6 3. f4 d5 4.
Nf3 c5 5. e3 Nc6 6. Bb5 Bd7 7.
O-O Bd6 8. d3 O-O 9. Nbd2 a6 10.
Bxc6 Bxc6 11. Ne5 Qc7 12. Rf3 Nd7 13. Nxc6 Qxc6 14. e4 Be7 15. Qe2 dxe4 16. Nxe4 Rfe8 17. Rg3 f6 18. Re1 Kh8 19. Qh5 Qd5 20. Qf7 Bf8 21. Nxf6 Nxf6 22. Bxf6 Re7 23. Bxe7 Qd4+ 24. Kh1 Qf2 25.
Rg1 1-0

[Event "*** Titled Tuesday Blitz"]
[Site "Chess.com"]
[Date "2021.02.09"]
[Round "2"]
[White "Supernotar"]
[Black "smshk35"]
[Result "0-1"]
[WhiteElo "2790"]
[BlackElo "2431"]
[TimeControl "180+1"]
[EndTime "10:16:10 PST"]
[Termination "smshk35 won by resignation"]

1. d4 Nf6 2. c4 g6 3. Nc3 Bg7 4. e4 d6 5. Be2 O-O 6. Nf3 Nbd7 7.
O-O e5 8. Bg5 h6 9. Bh4 c6 10.
d5 c5 11. Nd2 g5 12. Bg3 Re8 13. a3 Nf8 14. Re1 Ng6 15. Nf1 g4 16. Ne3 h5 17.
f3 h4 18. Bf2 g3 19. hxg3 hxg3 20. Bxg3 Nh5 21. Bh2 Qg5 22. Bf1 Ng3 23. Nf5 Bxf5 24.
exf5 Nf4 25. Re4 Nh3+ 26. gxh3 Nxe4+ 27. Bg2 Qe3+ 28. Kh1 Nf2+ 29. Kg1 Nxd1+ 0-1

[Event "*** Titled Tuesday Blitz"]
[Site "Chess.com"]
[Date "2021.02.09"]
[Round "2"]
[White "paulrusan"]
[Black "AwareIdea"]
[Result "0-1"]
[WhiteElo "2233"]
[BlackElo "2455"]
[TimeControl "180+1"]
[EndTime "10:16:10 PST"]
[Termination "AwareIdea won by resignation"]

1. e4 c6 2. d4 d5 3. f3 dxe4 4.
fxe4 e5 5. Nf3 exd4 6. Bc4 Bc5 7. c3 Nf6 8. e5 Nd5 9. cxd4 Bb4+ 10. Kf2 O-O 11.
a3 Ba5 12. b4 Bb6 13. Re1 Bg4 14. Bb2 a5 15. bxa5 Bxa5 16. Re4 Bf5 17. Re2 Nd7 18.
Bxd5 cxd5 19. Nc3 Nb6 20. Qb3 Be6 21. Rf1 Qd7 22. Kg1 Nc4 23. Bc1 Rfc8 24. Qb1 Bxc3 25. Ng5 Bxd4+ 26. Kh1 g6 27. Qb3 Bxe5 28. Qf3 Bg7 29.
Nxe6 fxe6 30. Qh3 Re8 31. Rfe1 Ra6 0-1

[Event "*** Titled Tuesday Blitz"]
[Site "Chess.com"]
[Date "2021.02.09"]
[Round "2"]
[White "TheCavemanChesss"]
[Black "Rogarcia1"]
[Result "1-0"]
[WhiteElo "2554"]
[BlackElo "2299"]
[TimeControl "180+1"]
[EndTime "10:16:13 PST"]
[Termination "TheCavemanChesss won on time"]

1. e4 c5 2. Nf3 Nc6 3. d4 cxd4 4. Nxd4 Nf6 5. Nc3 e6 6. Bg5 Bb4 7. Nxc6 bxc6 8. Bd3 Bxc3+ 9. bxc3 Qa5 10. Qd2 Ba6 11.
O-O Nxe4 12. Bxe4 Bxf1 13. Rxf1 d5 14. Rd1 O-O 15. Bd3 e5 16. Qe3 e4 17. Bf1 f5 18. c4 h6 19. Bf4 Rad8 20. cxd5 Rxd5 21. Bc4 1-0

[Event "*** Titled Tuesday Blitz"]
[Site "Chess.com"]
[Date "2021.02.09"]
[Round "2"]
[White "AttilaTurzo"]
[Black "Abdimalik_Abdisalimov"]
[Result "1-0"]
[WhiteElo "2532"]
[BlackElo "2292"]
[TimeControl "180+1"]
[EndTime "10:16:14 PST"]
[Termination "AttilaTurzo won by resignation"]

1. d4 Nf6 2. Nf3 g6 3. Bg5 Bg7 4. c3 O-O 5. Nbd2 d5 6. e3 c6 7.
Be2 Nbd7 8. O-O Qc7 9. Qb3 e5 10. Rfc1 e4 11. Ne1 h6 12. Bf4 Qb6 13. c4 g5 14. Bg3 Rd8 15. a4 Qxb3 16. Nxb3 dxc4 17.
Bxc4 Nb6 18. Be2 Nbd5 19. a5 a6 20. Nc5 Nd7 21. Nxe4 f5 22. Nc3 Nxc3 23. bxc3 Nf6 24. Be5 Be6 25. c4 Rd7 26. Nd3 Ne4 27. f3 Nf6 28. Nc5 Re7 29. Bd6 Rf7 30. Nxe6 1-0

[Event "*** Titled Tuesday Blitz"]
[Site "Chess.com"]
[Date "2021.02.09"]
[Round "2"]
[White "chesslh19"]
[Black "grunbergmihai"]
[Result "0-1"]
[WhiteElo "2247"]
[BlackElo "2462"]
[TimeControl "180+1"]
[EndTime "10:16:14 PST"]
[Termination "grunbergmihai won by resignation"]

1. e4 c5 2. Nf3 e6 3. d4 cxd4 4. Nxd4 Nc6 5. Nc3 Nf6 6. Ndb5 a6 7. Nd6+ Bxd6 8. Qxd6 Qe7 9. Qxe7+ Kxe7 10. Bf4 d6 11. O-O-O Rd8 12. f3 b5 13. Kb1 Bb7 14. Bd3 Ne5 15.
Rhe1 Nfd7 16. Bg5+ f6 17. Bh4 Nb6 18. Ne2 Rac8 19.
b3 b4 20. Bf2 Nbd7 21. Be3 a5 22.
f4 Nxd3 23. cxd3 a4 24. Rc1 Ba6 25. Red1 Nc5 26. Bxc5 dxc5 27. Kc2 Bb5 28. Ng1 Rd7 29. Nf3 Ra8 30. bxa4 Bxa4+ 0-1

[Event "*** Titled Tuesday Blitz"]
[Site "Chess.com"]
[Date "2021.02.09"]
[Round "2"]
[White "NoGalloNoParty"]
[Black "PattyCastillo"]
[Result "0-1"]
[WhiteElo "2357"]
[BlackElo "2052"]
[TimeControl "180+1"]
[EndTime "10:16:14 PST"]
[Termination "PattyCastillo won by resignation"]

1. d4 d5 2. Nf3 Nf6 3. c4 c6 4.
Qc2 e6 5. Nbd2 Nbd7 6. g3 Bd6 7. Bg2 O-O 8. O-O b6 9. Rd1 Bb7 10. e4 dxe4 11. Nxe4 Nxe4 12. Qxe4 Qc7 13. Qc2 c5 14.
Ng5 Nf6 15. dxc5 Bxc5 16. Bf4 Qc8 17. Be5 h6 18. Bxf6 hxg5 19. Bxg5 Bxg2 20. Kxg2 Qc6+ 21. Kg1 Qf3 22. Rd3 Bxf2+ 23. Kf1 Be3+ 24. Ke1 Qh1+ 25. Ke2 Qg2+ 26. Kxe3 Qxc2 0-1

[Event "*** Titled Tuesday Blitz"]
[Site "Chess.com"]
[Date "2021.02.09"]
[Round "2"]
[White "malakismayil"]
[Black "NikolaMa2000"]
[Result "1-0"]
[WhiteElo "2355"]
[BlackElo "1812"]
[TimeControl "180+1"]
[EndTime "10:16:16 PST"]
[Termination "malakismayil won by checkmate"]

1. e4 e6 2. d4 d5 3. Nd2 c5 4.
exd5 exd5 5. Ngf3 Nc6 6. Bb5 Qe7+ 7. Qe2 Qxe2+ 8. Kxe2 a6 9. Bxc6+ bxc6 10. dxc5 Bxc5 11. Nb3 Bd6 12. c3 Bg4 13. h3 Bxf3+ 14. Kxf3 f6 15. Be3 Ne7 16. Rhe1 a5 17. Bc5 Kd7 18. Bxd6 Kxd6 19.
Nd4 Rab8 20. Re6+ Kd7 21. Rae1 Ng6 22. R6e2 Ne5+ 23. Kg3 h5 24. f4 h4+ 25. Kh2 Nc4 26. Re7+ Kd6 27. R1e6+ Kc5 28. Rxc6# 1-0

[Event "*** Titled Tuesday Blitz"]
[Site "Chess.com"]
[Date "2021.02.09"]
[Round "2"]
[White "Vesper2018"]
[Black "Mbneu"]
[Result "1-0"]
[WhiteElo "2598"]
[BlackElo "2316"]
[TimeControl "180+1"]
[EndTime "10:16:18 PST"]
[Termination "Vesper2018 won by resignation"]

1. e4 c5 2. Nc3 a6 3. Nge2 b5 4. g3 Bb7 5. Bg2 h5 6. d4 cxd4 7. Nxd4 h4 8. O-O Nc6 9. Re1 Ne5 10. f4 Ng6 11. e5 hxg3 12. Bxb7 Rb8 13. Be4 gxh2+ 14. Kh1 Nh4 15. Nc6 Qc7 16. Nxb8 Qxb8 17.
Be3 e6 18. Qd2 Ne7 19. Rad1 Qc8 20. Bf2 Nhf5 21. Bxf5 Nxf5 22. Ne4 Qc6 23. Qc3 Qb7 24. Qf3 Be7 25. Nf6+ 1-0

[Event "*** Titled Tuesday Blitz"]
[Site "Chess.com"]
[Date "2021.02.09"]
[Round "2"]
[White "sergoy"]
[Black "NiranjanNavalgund"]
[Result "1-0"]
[WhiteElo "2864"]
[BlackElo "2527"]
[TimeControl "180+1"]
[EndTime "10:16:21 PST"]
[Termination "sergoy won by checkmate"]

1. d4 Nf6 2. c4 e6 3. Nf3 Bb4+ 4.
Nbd2 d6 5. a3 Bxd2+ 6. Qxd2 O-O 7. b4 b6 8. e3 Bb7 9. Be2 Nbd7 10. Bb2 a5 11. O-O Ne4 12. Qc2 f5 13. d5 e5 14.
Ne1 axb4 15. axb4 Rxa1 16. Bxa1 b5 17. f3 Ng5 18. h4 Nf7 19. Qxf5 bxc4 20. e4 Nh6 21.
Qh3 Nb6 22. Nc2 Qa8 23. f4 exf4 24. Qe6+ Kh8 25. Bd4 Ng8 26. h5 Bc8 27. h6 Nf6 28.
Qe7 gxh6 29. Qxf8# 1-0

[Event "*** Titled Tuesday Blitz"]
[Site "Chess.com"]
[Date "2021.02.09"]
[Round "2"]
[White "bangchess21"]
[Black "michaelk123"]
[Result "1-0"]
[WhiteElo "2722"]
[BlackElo "2479"]
[TimeControl "180+1"]
[EndTime "10:16:21 PST"]
[Termination "bangchess21 won by resignation"]

1. d4 Nf6 2. Bf4 g6 3. Nc3 d5 4. e3 Bg7 5. h4 h5 6. Nf3 Bg4 7. Qd2 a6 8. Ne5 Nbd7 9. f3 Bf5 10. Be2 c5 11. dxc5 Nxc5 12. O-O-O Rc8 13. e4 Bxe4 14. fxe4 Ncxe4 15. Nxe4 Nxe4 16. Qxd5 Nd6 17. Kb1 Qb6 18. Qb3 Qa5 19. Rxd6 Bxe5 20. Rd5 Rc5 21. Bxe5 Rxd5 22. Bxh8 Rb5 23. Bxb5+ 1-0

[Event "*** Titled Tuesday Blitz"]
[Site "Chess.com"]
[Date "2021.02.09"]
[Round "2"]
[White "hleol"]
[Black "annacramling"]
[Result "1-0"]
[WhiteElo "2398"]
[BlackElo "2103"]
[TimeControl "180+1"]
[EndTime "10:16:21 PST"]
[Termination "hleol won by resignation"]

1. d4 Nf6 2. Bg5 d5 3. e3 c5 4.
Bxf6 exf6 5. c3 Nc6 6. Bd3 Be6 7. Ne2 Bd6 8. dxc5 Bxc5 9. O-O O-O 10. Nd4 Nxd4 11.
exd4 Bd6 12. Nd2 f5 13. f4 Qc7 14. Qf3 Rfe8 15. Rae1 Rad8 16. Rf2 Bd7 17. Rxe8+ Rxe8 18. Qxd5 Bxf4 19. Nf1 Bxh2+ 20. Nxh2 g6 21. Bb5 Be6 22. Qc5 Qxc5 23. dxc5 Rc8 24. b4 b6 25. c6 Bxa2 26.
Rxa2 1-0

[Event "*** Titled Tuesday Blitz"]
[Site "Chess.com"]
[Date "2021.02.09"]
[Round "2"]
[White "onnoelgersma"]
[Black "lamomiablanca"]
[Result "1-0"]
[WhiteElo "2472"]
[BlackElo "2273"]
[TimeControl "180+1"]
[EndTime "10:16:28 PST"]
[Termination "onnoelgersma won by resignation"]

1. e4 c5 2. Nf3 Nc6 3. Bb5 g6 4. c3 Nf6 5. Qe2 Bg7 6. O-O O-O 7. h3 e5 8. a3 d6 9. b4 cxb4 10. axb4 a6 11. Bxc6 bxc6 12. d3 Be6 13. Nbd2 Qc7 14. Nc4 Rfd8 15. Be3 Rdb8 16. Bg5 h6 17. Bd2 Nd7 18.
Rfb1 d5 19. Na5 dxe4 20. dxe4 c5 21. Be3 cxb4 22. cxb4 Bf8 23. Rc1 Qd6 24. Nc6 Rb7 25. Rxa6 Rxa6 26. Qxa6 Rc7 27. b5 Nc5 28. Bxc5 Qxc5 29.
Rxc5 1-0